 Dungeon Crawl Stone Soup version 0.31-a0-845-g9abc20d24f (webtiles) character file.

Game seed: 11878988138914147918

60 Shayle the Conjurer (level 3, -1/22 (28) HPs)
             Began as a Demonspawn Reaver on Oct 1, 2023.
             Shot with a sling bullet by a goblin (2 damage)
             ... on level 2 of the Dungeon.
             The game lasted 00:01:54 (1051 turns).

Shayle the Conjurer (Demonspawn Reaver)             Turns: 1051, Time: 00:01:55

HP:   -1/22 (28)    AC:  3    Str: 12    XL:     3   Next: 82%
MP:   6/6           EV: 11    Int: 16    God:
Gold: 88            SH:  0    Dex: 11    Spells: 6/7 levels left

rFire   . . .        a - +0 spear
rCold   . . .        (no shield)
rNeg    . . .        b - +0 leather armour
rPois   .            (no helmet)
rElec   .            (no cloak)
rCorr   .            (no gloves)
SInv    .            (no boots)
Will    .....        (no amulet)
Stlth   +            (no ring)
HPRegen 0.23/turn    (no ring)
MPRegen 0.10/turn

%: no passive effects
@: heavily drained
A: condensation shield
a: no special abilities


You were on level 2 of the Dungeon.
You visited 1 branch of the dungeon, and saw 2 of its levels.

You collected 88 gold pieces.

Inventory:

Hand Weapons
 a - a +0 spear (weapon)
Armour
 b - a +0 leather armour (worn)
Scrolls
 c - 3 scrolls of silence {unknown}
 d - a scroll of fear {unknown}
 e - 2 scrolls of identify {unknown}
 g - a scroll of torment {unknown}


   Skills:
 + Level 2.7 Fighting
 - Level 2.6 Polearms
 + Level 1.3 Armour
 - Level 1.7 Dodging
 + Level 2.5 Spellcasting
 - Level 3.0 Conjurations
 + Level 1.7 Necromancy


You had 6 spell levels left.
You knew the following spells:

 Your Spells              Type           Power      Damage    Failure   Level
a - Kiss of Death         Conj/Necr      36%        2d8       10%         1

Your spell library contained the following spells:

 Spells                   Type           Power      Damage    Failure   Level
 Momentum Strike          Conj/Tloc      12%        3d8       21%         2
 Cigotuvi's Dreadful Rot  Necr/Pois/Air  6%         N/A       30%         2
 Hailstorm                Conj/Ice       6%         3d4       38%         3
 Ignite Poison            Fire/Tmut/Pois 2%         N/A       58%         3
 Freezing Cloud           Conj/Ice/Air   2%         6-21      99%         5


Dungeon Overview and Level Annotations

Branches:
Dungeon (2/15)

Altars:


Innate Abilities, Weirdness & Mutations

A meltable shield of frost defends you. (SH +0)


Message History

You start resting.
You feel a little less clever now.
You start resting.
HP restored.
Things that are here:
a +0 club; a +0 robe
Found a stone staircase leading up.
There is a stone staircase leading up here.
A frilled lizard and a goblin come into view.
The frilled lizard hisses angrily.
The goblin shouts!
You miss the frilled lizard.
The goblin unwields a +0 club.
The goblin wields a +1 sling of flaming.
It bursts into flame!
The goblin shoots a sling bullet.
You block the sling bullet. The frilled lizard closely misses you.
You closely miss the frilled lizard. The frilled lizard closely misses you.
The goblin shoots a sling bullet.
The sling bullet closely misses you.
You hit the frilled lizard.
The frilled lizard is heavily wounded.
The frilled lizard closely misses you.
You closely miss the frilled lizard.
The frilled lizard is heavily wounded.
You block the frilled lizard's attack.
The goblin shoots a sling bullet.
The sling bullet misses you.
You closely miss the frilled lizard.
The frilled lizard is heavily wounded.
The frilled lizard barely misses you.
You hit the frilled lizard.
You kill the frilled lizard!
The goblin shoots a sling bullet.
The sling bullet hits you.
Your condensation shield dissipates!
The sling bullet burns you.
The goblin shoots a sling bullet.
The sling bullet hits you. The sling bullet burns you.
* * * LOW HITPOINT WARNING * * *
A kobold comes into view. It is wielding a +0 short sword.
The kobold shouts!
The goblin shoots a sling bullet.
The sling bullet hits you.
* * * LOW HITPOINT WARNING * * *
The sling bullet burns you.
You die...

### #####
##########........
#.......##.#......
#.#####.##......#
####.## #.##.#g..#
#...<.## #.......#
#......######@##[#
#. #.......# #.#
#.## #......## #.#
#.#.# #.....## #..
##..#. ###..###
##.. ###...#
#.##.## ...
#.....##
#.#...#### .K..
##.#...##
#.)......+ .....
+......#.
#.#...#### ......
##.#.....


You could see a goblin and a kobold.

Vanquished Creatures
  Jessica (D:2)
  2 dart slugs (D:1)
  5 endoplasms
  3 giant cockroaches (D:1)
  A goblin (D:1)
  2 hobgoblins (D:1)
  4 jackals (D:1)
  2 ball pythons (D:1)
  3 frilled lizards
  3 kobolds (D:1)
  2 rats (D:1)
28 creatures vanquished.

Notes
Turn   | Place    | Note
-------+----------+-------------------------------------------
     0 | D:1      | Shayle the Demonspawn Reaver began the quest for the Orb.
     0 | D:1      | Reached XP level 1. HP: 16/16 MP: 3/3
   159 | D:1      | Gained mutation: A meltable shield of frost defends you.
                  | (SH +0) [demonic ancestry]
   159 | D:1      | Reached XP level 2. HP: 13/22 MP: 5/5
   351 | D:1      | Reached skill level 1 in Necromancy
   638 | D:1      | Reached skill level 1 in Armour
   638 | D:1      | Reached XP level 3. HP: 27/28 MP: 6/6
   936 | D:2      | Noticed Jessica
   947 | D:2      | Killed Jessica
  1051 | D:2      | HP: 1/22 [goblin/sling bullet (5)]
  1051 | D:2      | Shot with a sling bullet by a goblin

Illustrated notes

Levels and vault maps discovered:
D:1:      matt_arrival_grand_opening, layout_basic
D:2:      layout_loops_corners, ebering_ecumenical_altar_abandoned,
          kennysheep_generic_room_11, uniq_terence, uniq_jessica

Skill      XL: |  1  2 |
---------------+-------+-----
Necromancy     | 1 |  1.7
Armour         | 1 |  1.3
Fighting       | |  2.7
Polearms       | |  2.6
Dodging        | |  1.7
Spellcasting   | |  2.5
Conjurations   | |  3.0

Action                     || total
---------------------------++-------
  Melee: Spear             ||   132
   Cast: Kiss of Death     ||     2
    Use: Potion            ||     1
 Armour: Leather armour    ||    62
  Dodge: Dodged            ||    53
  Block: Other             ||    17

Table legend: (Time is in decaauts)
 A = Elapsed time spent in this place.
 B = Non-inter-level travel time spent in this place.
 C = Inter-level travel time spent in this place.
 D = Time resting spent in this place.
 E = Time spent auto-exploring this place.
 F = Levels seen in this place.
 G = Mean time per level.
                   A        B        C        D        E       F      G
               +--------+--------+--------+--------+--------+-----+--------+
         Total |   1047 |    991 |     56 |     67 |    659 |   2 |  523.5 |
       Dungeon |   1047 |    991 |     56 |     67 |    659 |   2 |  523.5 |
               +--------+--------+--------+--------+--------+-----+--------+

Top non-repeatable levels by time:
     D:1: 872 daAuts
     D:2: 174 daAuts
